AoeStats
← 戳中之霸 DY能兒

Arabia

510346814Analyzed
4v4 RM · 1d ago on Sep 30, 2026· 29m 16s· 8 players
Game mode
Random Map
Map size
Large (8 player)
Population
200
Speed
Normal
Resources
Standard
Victory
Conquest
Starting age
Dark Age
Ending age
Imperial Age
RankedLock teamsTeams togetherTeam positionsShared explorationLock speedFull tech treeHidden civsTurbo modeCheats
Victory
Defeat
🇨🇴 Britons · Colombia
1497
+14
🇵🇪 Maya · Peru
1437
+17
🇵🇪 Persians · Peru
1403
+18
🇦🇷 Magyars · Argentina
1369
+20
🇦🇷 Saxons · Argentina
1588
-23
🇹🇼 Tupi · Taiwan
1469
-18
🇹🇼 Varangians · Taiwan
1447
-17
🇹🇼 Spanish · Taiwan
1304
-11
TVHG.DooM
7:55 Loom
9:56 Feudal Age
19:52 Double-Bit Axe
21:03 Scale Barding Armor
25:00 Castle Age
24:24 Bloodlines
24:32 Horse Collar
26:49 Chain Barding Armor
26:32 Husbandry
DarkOrsted
5:50 Loom
8:33 Feudal Age
9:01 Double-Bit Axe
16:00 Scale Barding Armor
18:07 Forging
19:39 Wheelbarrow
20:22 Horse Collar
23:41 Castle Age
22:18 Bloodlines
22:11 Gold Mining
25:22 Chain Barding Armor
25:21 Bow Saw
25:52 Light Cavalry
TVHG.LALO_CAESTA
6:54 Loom
9:44 Feudal Age
11:10 Double-Bit Axe
11:22 Fletching
16:08 Wheelbarrow
18:12 Padded Archer Armor
25:43 Castle Age
25:50 Crossbowman
27:05 Bodkin Arrow
TVHG.Phraymus
0:31 Loom
0:32 Loom
9:57 Feudal Age
10:34 Double-Bit Axe
12:40 Fletching
23:28 Castle Age
21:50 Gold Mining
24:06 Bodkin Arrow
23:34 Crossbowman
24:36 Bow Saw
26:01 Padded Archer Armor
27:53 Heated Shot
28:23 Ballistics
高德納
6:47 Loom
10:55 Feudal Age
15:34 Fletching
21:56 Double-Bit Axe
23:24 Padded Archer Armor
25:12 Wheelbarrow
30:36 Castle Age
反反派
5:35 Loom
9:34 Feudal Age
10:35 Double-Bit Axe
17:51 Bloodlines
20:02 Scale Barding Armor
25:05 Castle Age
25:16 Forging
25:45 Wheelbarrow
26:10 Chain Barding Armor
26:28 Wheelbarrow
25:28 Light Cavalry
戳中之霸 DY能兒
9:21 Loom
11:30 Feudal Age
18:14 Castle Age
16:40 Double-Bit Axe
16:48 Horse Collar
20:48 Padded Archer Armor
kkman86
6:17 Loom
8:46 Feudal Age
12:07 Fletching
15:28 Double-Bit Axe
16:01 Town Watch
19:26 Wheelbarrow
24:00 Castle Age
23:25 Gold Mining
24:03 Crossbowman
24:42 Bodkin Arrow
25:17 Bow Saw
26:10 Ballistics
28:58 Thumb Ring
Connection lost

Rejoining the realm…

Still unreachable

The connection could not be restored.

Session expired

The server has moved on; the page needs a fresh start.